 Dungeon Crawl Stone Soup version 0.14.0-25-g43f8a4e (webtiles) character file.

216 Chiseanne the Sneak (level 4, 0/39 HPs)
             Began as a Naga Wanderer on Apr 24, 2014.
             Slain by an orc priest (3 damage)
             ... on Level 3 of the Dungeon.
             The game lasted 00:09:06 (3275 turns).

Chiseanne the Sneak (Naga Wanderer)                 Turns: 3275, Time: 00:09:06

HP   0/39        AC  7     Str 15      XL: 4   Next: 62%
MP   6/6         EV  4     Int 13      God:
Gold 123         SH 24     Dex 10      Spells:  3 memorised,  1 level left

rFire  + . .     SeeInvis +     e - +2,+1 dagger (venom)
rCold  x . .     Clarity  .     y - +2 leather armour
rNeg   . . .     Conserve .     o - +1 large shield
rPois  +         rCorr    .     (no helmet)
rElec  .         rRot     .     i - +0 cloak
SustAb . .       Spirit   .     t - +0 pair of gloves
rMut   .         Warding  .     (no barding)
Saprov . . .     Stasis   .     (no amulet)
MR     .....                    (no ring)
                                w - ring of fire

@: short of breath, very slow, not resistant to hostile enchantments, fairly
stealthy
A: spit poison, see invisible, deformed body, poison resistance, slowness 2, AC
+1
a: Spit Poison


You were on level 3 of the Dungeon.
You were hungry.

You visited 1 branch of the dungeon, and saw 3 of its levels.

You collected 123 gold pieces.

Inventory:

Hand weapons
 c - a +2,+0 sling of flame
 e - a +2,+1 dagger of venom (weapon)
 h - a cursed -1,+0 short sword
Missiles
 f - 13 sling bullets
 r - 14 sling bullets of frost
Armour
 b - a +0 chain mail
 i - a +0 cloak (worn)
 o - a +1 large shield (worn)
 t - a +0 pair of gloves (worn)
 y - a +2 leather armour (worn)
Magical devices
 z - a wand of fireball (3)
 A - a wand of slowing (11)
Comestibles
 d - a bread ration
 g - a rambutan
 p - a choko
 q - a meat ration
Scrolls
 u - a scroll of remove curse
 v - a scroll of identify
Jewellery
 w - a ring of fire (left hand)
 B - an uncursed amulet of the gourmand {unknown}
Potions
 j - a potion of brilliance {unknown}
 k - a potion of agility {unknown}
 l - a potion of restore abilities {unknown}
 m - a potion of invisibility {unknown}
 n - a potion of flight
 s - a potion of curing {unknown}
 x - a potion of poison {unknown}
Books
 a - a book of Minor Magic

   Spells                             Type                      Level
   *Magic Dart                        Conjuration                  1
   Blink                              Translocation                2
   Call Imp                           Summoning                    2
   Repel Missiles                     Charms/Air                   2
   Slow                               Hexes                        2
   *Conjure Flame                     Conjuration/Fire             3
   Mephitic Cloud                     Conjuration/Poison/Air       3


   Skills:
 * Level 1.8 Fighting
 * Level 1.5 Armour
 * Level 0.4 Dodging
 * Level 3.3 Stealth
 * Level 1.4 Shields
 - Level 1.5 Spellcasting
 - Level 1.5 Conjurations
   Level 3.0 Summonings
   Level 1.0 Translocations
 - Level 1.0 Evocations


You had one spell level left.
You knew the following spells:

 Your Spells              Type           Power        Failure   Level  Hunger
a - Flame Tongue          Conj/Fire      #....        100%        1    ##.....
b - Magic Dart            Conj           #...         100%        1    ##.....
c - Conjure Flame         Conj/Fire      #.......     100%        3    ####...


Dungeon Overview and Level Annotations

Branches:
Dungeon (3/15)

Altars:


Innate Abilities, Weirdness & Mutations

You cannot wear boots.
You can spit poison.
Your serpentine skin is tough (AC +1).
You have supernaturally acute eyesight.
Armour fits poorly on your strangely shaped body.
Your system is resistant to poisons.
You cover ground very slowly.


Message History

Something smites you!
* * * LOW HITPOINT WARNING * * *
Your shield prevents you from hitting the orc priest.
The orc priest is lightly wounded.
The orc priest closely misses you.
You barely miss the orc priest.
The orc priest is lightly wounded.
The orc priest becomes somewhat translucent.
Drink which item? (? for menu, Esc to quit)
Okay, then.
Use which ability? (? or * to list)
Press: ? - help, Shift-Dir - straight line, f - orc priest
Aim: an orc priest (lightly wounded)
The splash of poison misses the orc priest.
You feel slightly more hungry. The orc priest hits you.
* * * LOW HITPOINT WARNING * * *
You hit the orc priest.
The orc priest is poisoned.
The orc priest is moderately wounded.
The orc priest hits you.
You die...

...............##....##.....
########)..........<........
#...)#########.######.
#..............#
#....#####...... ##......#
...... #......##........
#....).)..........
######@######..## #o# . ...
##.## ... ..# ..# ...# .##


You could see an orc priest.

Vanquished Creatures
  A giant mite (D:2)
  4 adders
  A giant gecko (D:2)
  3 orcs (D:3)
  A giant cockroach (D:1)
  7 hobgoblins
  7 bats (D:1)
  2 giant newts (D:1)
  7 goblins
  8 kobolds
  7 rats
48 creatures vanquished.

Notes
Turn   | Place    | Note
--------------------------------------------------------------
     0 | D:1      | Chiseanne, the Naga Wanderer, began the quest for the Orb.
     0 | D:1      | Reached XP level 1. HP: 18/18 MP: 2/2
     3 | D:1      | Learned a level 1 spell: Magic Dart
   736 | D:1      | Reached XP level 2. HP: 11/25 MP: 3/3
  1312 | D:1      | Reached XP level 3. HP: 18/31 MP: 4/4
  1458 | D:1      | Reached skill level 1 in Conjurations
  2480 | D:2      | Reached skill level 1 in Shields
  2500 | D:2      | Learned a level 3 spell: Conjure Flame
  2755 | D:2      | Reached XP level 4. HP: 36/38 MP: 6/6
  3275 | D:3      | Slain by an orc priest

Action                   |  1- 3 |  4- 6 || total
-------------------------+-------+-------++-------
Melee: Dagger            |   127 |    56 ||   183
       Club              |     2 |       ||     2
 Cast: Magic Dart        |     2 |       ||     2
       Flame Tongue      |     2 |       ||     2
 Abil: Spit Poison       |     2 |     1 ||     3
Evoke: Wand              |       |     2 ||     2
  Use: Scroll            |     6 |     3 ||     9
 Stab: Sleeping          |     2 |       ||     2
